 Dungeon Crawl Stone Soup version 0.27.1-34-g3ba077fa99 (webtiles) character file.

Game seed: 1141837665071060832

93 boopmooplesden the Covered (level 4, -9/40 HPs)
             Began as a Minotaur Fighter on Jan 27, 2022.
             Was a Follower of the Shining One.
             Mangled by an ogre (19 damage)
             ... on level 3 of the Dungeon.
             The game lasted 00:02:43 (1662 turns).

boopmooplesden the Covered (Minotaur Fighter)       Turns: 1662, Time: 00:02:44

Health: -9/40      AC:  8    Str: 20    XL:     4   Next: 37%
Magic:  3/3        EV:  7    Int:  5    God:    the Shining One [*.....]
Gold:   59         SH:  9    Dex: 11    Spells: 3/3 levels left

rFire    . . .     SeeInvis .   a - +0 long sword
rCold    . . .     Faith    .   c - +0 kite shield
rNeg     . . .     Spirit   .   b - +0 scale mail
rPois    .         Reflect  .   (helmet restricted)
rElec    .         Harm     .   k - +0 cloak
rCorr    .         Rampage  .   (no gloves)
Will     .....                  (no boots)
Stlth    ..........             (no amulet)
HPRegen  0.13/turn              (no ring)
MPRegen  0.08/turn              (no ring)

@: glowing
A: horns 2, retaliatory headbutt
a: Renounce Religion


You were on level 3 of the Dungeon.
You worshipped the Shining One.
The Shining One was aware of your devotion.
You visited 1 branch of the dungeon, and saw 3 of its levels.

You collected 59 gold pieces.

Inventory:

Hand Weapons
 a - a +0 long sword (weapon)
Missiles
 e - 2 boomerangs (quivered)
Armour
 b - a +0 scale mail (worn)
 c - a +0 kite shield (worn)
 k - a +0 cloak (worn)
Potions
 d - 3 potions of might
 f - 2 potions of curing
 g - a potion of brilliance {unknown}
 h - a potion of resistance {unknown}
 i - a potion of heal wounds {unknown}
 j - a potion of mutation {unknown}
 l - a potion of degeneration {unknown}


   Skills:
 + Level 4.0 Fighting
 + Level 4.0 Long Blades
 + Level 4.3 Armour
 + Level 0.9 Dodging
 + Level 4.2 Shields


You had 3 spell levels left.
You didn't know any spells.
Your spell library contained the following spells:

 Spells                   Type           Power      Damage    Failure   Level
 Conjure Flame            Conj/Fire      0%         6-21      100%        3
 Ignite Poison            Fire/Tmut/Pois 0%         N/A       100%        3
 Sticky Flame             Conj/Fire      0%         2d3       100%        4


Dungeon Overview and Level Annotations

Branches:
Dungeon (3/15)

Altars:
Dithmenos
The Shining One

Shops:
D:1 *


Innate Abilities, Weirdness & Mutations

You have a pair of horns on your head.
You reflexively headbutt those who attack you in melee.


Message History

There is a stone staircase leading down here.
You climb downwards.
There is a stone staircase leading up here.
Found a stone staircase leading down.
Found a trident.
Found 9 stones.
An endoplasm comes into view.
The endoplasm quivers.
An endoplasm is nearby!
An endoplasm is nearby!
Found 6 stones.
The endoplasm barely misses you.
You slash the endoplasm!
You kill the endoplasm!
Found a bubbling black potion.
Found 10 gold pieces.
h - a bubbling black potion You now have 59 gold pieces (gained 10).
Found a cloak.
Found 13 gold pieces.
A rat comes into view.
You see here a +0 cloak.
k - a +0 cloak
Found a scroll labelled LIOWNO XIXOAX.
The rat bites you but does no damage.
You slash the rat!
You kill the rat!
An ogre comes into view. It is wielding a +0 giant club.
Found a viscous coppery potion.
The ogre shouts!
You start putting on your armour.
You continue putting on your +0 cloak. x4
You finish putting on your +0 cloak.
You slash the ogre!
The ogre is heavily wounded.
The ogre hits you with a +0 giant club!!
Ouch! That really hurt!
* * * LOW HITPOINT WARNING * * *
You slash the ogre! Your headbutt misses the ogre.
The ogre is severely wounded.
The ogre hits you with a +0 giant club!!
You die...

########
#......####
#..........
#..##.....#
######....#....
#.........$#
##.......@..#
.####.........O##
........####..#..#
#####.#.####.#....#
#........#.....#
####
#...####.........
...## #...#
###..##?#! #...#
#...# .## .# #...#
#...#


You could see an ogre.

Vanquished Creatures
  2 adders (D:2)
  A worm (D:2)
  A dart slug (D:2)
  An orc (D:2)
  7 endoplasms
  4 giant cockroaches
  4 goblins
  7 hobgoblins
  10 jackals
  3 kobolds (D:1)
  A quokka (D:1)
  7 ball pythons
  4 bats
  5 frilled lizards
  2 rats
59 creatures vanquished.

Notes
Turn   | Place    | Note
-------+----------+-------------------------------------------
     0 | D:1      | boopmooplesden the Minotaur Fighter began the quest for the
                  | Orb.
     0 | D:1      | Reached XP level 1. HP: 19/19 MP: 0/0
    18 | D:1      | Found Owkuosupt's Assorted Antiques.
   328 | D:1      | Found a faded altar of an unknown god.
   345 | D:1      | Became a worshipper of the Shining One
   345 | D:1      | Reached * piety under the Shining One
   381 | D:1      | Reached XP level 2. HP: 27/27 MP: 1/1
   697 | D:1      | Reached XP level 3. HP: 33/33 MP: 2/2
   942 | D:2      | Found a shadowy altar of Dithmenos.
  1104 | D:2      | Reached XP level 4. HP: 40/40 MP: 3/3
  1655 | D:3      | Noticed an ogre
  1662 | D:3      | Mangled by an ogre

Illustrated notes

Levels and vault maps discovered:
D:1:      amcnicky_arrival_double_pillar, layout_loops_ring, serial_shops, shop,
          shapermc_ecumenical_altar_acropolis
D:2:      layout_rooms, basic_altar
D:3:      layout_loops_ring, serial_shops, nicolae_shop_statue_plus,
          grunt_ministairs_9, minmay_misc_feat_chi

Skill      XL: |  1  2  3  4 |
---------------+-------------+-----
Armour         | 4 |  4.3
Shields        | 4 |  4.2
Fighting       | 4 |  4.0
Long Blades    | 3 4 |  4.0
Dodging        | |  0.9

Action                   |  1- 3 |  4- 6 || total
-------------------------+-------+-------++-------
Melee: Long sword        |    84 |    26 ||   110
       Headbutt          |    12 |     5 ||    17
  Use: Scroll            |       |     4 ||     4
Armor: Scale mail        |    47 |    27 ||    74
Dodge: Dodged            |    34 |     8 ||    42
Block: Kite shield       |    59 |    26 ||    85
       Rpst.: Long sword |     8 |     2 ||    10
